BSA
CHICAGO MACHINE @ EL DORADO OILERS
09/06/2030
 
TOP OF THE 1ST
Chicago Machine batting - Pitching for El Dorado Oilers : LHP Orlando Costa
Pitching: LHP Orlando Costa
Batting: RHB Nick Harris 0-0: Ground out 4-3 (Groundball, 4)
Batting: SHB José Alomar 0-0: Foul Ball, location: 2F
0-1: Called Strike
0-2: Strikes out looking
Batting: SHB Clint Woods 0-0: Called Strike
0-1: Ball
1-1: Called Strike
1-2: Fly out, F7 (Line Drive, 7D)
Top of the 1st over - 0 runs, 0 hits, 0 errors, 0 left on base; Chicago 0 - El Dorado 0
BOTTOM OF THE 1ST
El Dorado Oilers batting - Pitching for Chicago Machine : RHP Ron Martin
Pitching: RHP Ron Martin
Batting: LHB Al Gaines 0-0: SINGLE (Line Drive, 89M)
Batting: SHB Theron Harper 0-0: Ball
1-0: Called Strike
Al Gaines steals 2nd base
1-1: Called Strike
1-2: Ground out 4-3 (Groundball, 4S)
Al Gaines to third
Batting: RHB Ernesto Acosta 0-0: Ball
1-0: Fly out, F7 (Flyball, 7S)
Runner from 3rd tags up, SCORES, throw made
Batting: LHB José Hernández 0-0: Called Strike
0-1: Ball
1-1: Called Strike
1-2: Strikes out swinging
Bottom of the 1st over - 1 run, 1 hit, 0 errors, 0 left on base; Chicago 0 - El Dorado 1
TOP OF THE 2ND
Chicago Machine batting - Pitching for El Dorado Oilers : LHP Orlando Costa
Batting: RHB Will Lott 0-0: Ball
1-0: SINGLE (Flyball, 78S)
Batting: LHB Bernardo Montés 0-0: Ball
1-0: Swinging Strike
1-1: Foul Ball, location: 2F
1-2: Ball
2-2: Fly out, F9 (Flyball, 9D)
Batting: RHB Pablo Sandoval 0-0: SINGLE (Groundball, 6MD)
Will Lott to second
Runner from 2nd tries for 3rd, SAFE, no throw
Batting: LHB Edward Bennett 0-0: Ball
1-0: Fly out, F7 (Flyball, 7S)
Batting: RHB Gonzalo Gil 0-0: Ball
1-0: Ball
2-0: Called Strike
2-1: Foul Ball, location: 2F
2-2: Strikes out looking
Top of the 2nd over - 0 runs, 2 hits, 0 errors, 2 left on base; Chicago 0 - El Dorado 1
BOTTOM OF THE 2ND
El Dorado Oilers batting - Pitching for Chicago Machine : RHP Ron Martin
Batting: LHB Chris Miller 0-0: Ball
1-0: Swinging Strike
1-1: Swinging Strike
1-2: Ball
2-2: SINGLE (Groundball, 3D)
Batting: RHB José Carlos Caraballo 0-0: SINGLE (Line Drive, 4M)
Chris Miller to second
Batting: LHB Mathew Clayton 0-0: Ball
1-0: Swinging Strike
1-1: Ball
2-1: Ball
3-1: Swinging Strike
3-2: Fly out, F6 (Line Drive, 6)
Batting: RHB Bob Johnson 0-0: Ball
Wild Pitch!
Chris Miller to third
José Carlos Caraballo to second
1-0: Ball
2-0: Foul Ball, location: 2F
2-1: SINGLE (Line Drive, 6M)
Chris Miller scores
José Carlos Caraballo to third
Runner from 3rd tries for Home, throw and OUT!
Batting: RHB Tony Hernández 0-0: Ball
1-0: Called Strike
1-1: Foul Ball, location: 2F
1-2: Foul Ball, location: 2F
1-2: Ball
2-2: Fly out, F8 (Flyball, 8RM)
Bottom of the 2nd over - 1 run, 3 hits, 0 errors, 1 left on base; Chicago 0 - El Dorado 2
TOP OF THE 3RD
Chicago Machine batting - Pitching for El Dorado Oilers : LHP Orlando Costa
Batting: SHB Edward Bartlett 0-0: Foul Ball, location: 2F
0-1: Ball
1-1: Foul Ball, location: 2F
1-2: SINGLE (Groundball, 4MD)
Batting: RHB Nick Harris 0-0: Ball
Edward Bartlett steals 2nd base
1-0: Called Strike
1-1: Ball
2-1: Foul Ball, location: 2F
2-2: Ball
3-2: Fly out, F7 (Line Drive, 7D)
Runner from 2nd tags up, SAFE at 3rd, no throw
Batting: SHB José Alomar 0-0: Ball
1-0: Ball
2-0: Called Strike
2-1: Called Strike
2-2: Ball
3-2: Strikes out swinging
Batting: SHB Clint Woods 0-0: Called Strike
0-1: Ball
1-1: Foul Ball, location: 2F
1-2: Ball
2-2: Fly out, F7 (Flyball, 7D)
Top of the 3rd over - 0 runs, 1 hit, 0 errors, 1 left on base; Chicago 0 - El Dorado 2
BOTTOM OF THE 3RD
El Dorado Oilers batting - Pitching for Chicago Machine : RHP Ron Martin
Batting: LHB Al Gaines 0-0: Ball
1-0: Called Strike
1-1: Ball
2-1: Ground out U3 (Groundball, 3L)
Batting: SHB Theron Harper 0-0: Ball
1-0: Ball
2-0: Called Strike
2-1: Ground out 6-3 (Groundball, 6)
Batting: RHB Ernesto Acosta 0-0: Called Strike
0-1: Ball
1-1: Reached on error, E2 (Groundball, 2R)
Batting: LHB José Hernández 0-0: Called Strike
0-1: Ball
1-1: Ball
2-1: SINGLE (Line Drive, 9LS)
Ernesto Acosta to third
Batting: LHB Chris Miller 0-0: Single, Error in OF, E7, batter to second base
Ernesto Acosta scores
José Hernández to third
Batting: RHB José Carlos Caraballo 0-0: Ground out 4-3 (Groundball, 4MS)
Bottom of the 3rd over - 1 run, 2 hits, 2 errors, 2 left on base; Chicago 0 - El Dorado 3
TOP OF THE 4TH
Chicago Machine batting - Pitching for El Dorado Oilers : LHP Orlando Costa
Batting: RHB Will Lott 0-0: Fly out, F5 (Popup, 25F)
Batting: LHB Bernardo Montés 0-0: Ball
1-0: Ball
2-0: Ground out 6-3 (Groundball, 6)
Batting: RHB Pablo Sandoval 0-0: Foul Ball, location: 2F
0-1: Foul Ball, location: 2F
0-2: SINGLE (Groundball, 56D)
Batting: LHB Edward Bennett 0-0: Ball
1-0: Foul Ball, location: 2F
1-1: Ball
2-1: Called Strike
2-2: Fly out, F9 (Flyball, 89D)
Top of the 4th over - 0 runs, 1 hit, 0 errors, 1 left on base; Chicago 0 - El Dorado 3
BOTTOM OF THE 4TH
El Dorado Oilers batting - Pitching for Chicago Machine : RHP Ron Martin
Batting: LHB Mathew Clayton 0-0: Ball
1-0: Fly out, F7 (Flyball, 7)
Batting: RHB Bob Johnson 0-0: Ball
1-0: Called Strike
1-1: Ball
2-1: SINGLE (Flyball, 89M)
Batting: RHB Tony Hernández 0-0: Ball
1-0: SINGLE (Groundball, 6MD)
Bob Johnson to second
Batting: LHB Al Gaines 0-0: Ball
1-0: Fly out, F4 (Line Drive, 4M)
Lined into DP, U4 (Line Drive, 4M)
Bottom of the 4th over - 0 runs, 2 hits, 0 errors, 1 left on base; Chicago 0 - El Dorado 3
TOP OF THE 5TH
Chicago Machine batting - Pitching for El Dorado Oilers : LHP Orlando Costa
Batting: RHB Gonzalo Gil 0-0: Fly out, F7 (Flyball, 7LM)
Batting: SHB Edward Bartlett 0-0: Called Strike
0-1: Fly out, F5 (Line Drive, 5)
Batting: RHB Nick Harris 0-0: Ball
1-0: Ball
2-0: Called Strike
2-1: Ball
3-1: Called Strike
3-2: Foul Ball, location: 2F
3-2: DOUBLE (Line Drive, 7LM)
Batting: SHB José Alomar 0-0: Ball
1-0: Swinging Strike
1-1: Ball
2-1: Foul Ball, location: 2F
2-2: Strikes out swinging
Top of the 5th over - 0 runs, 1 hit, 0 errors, 1 left on base; Chicago 0 - El Dorado 3
BOTTOM OF THE 5TH
El Dorado Oilers batting - Pitching for Chicago Machine : RHP Ron Martin
Batting: SHB Theron Harper 0-0: Foul Ball, location: 2F
0-1: Ball
1-1: Foul Ball, location: 2F
1-2: Ground out 6-3 (Groundball, 6)
Batting: RHB Ernesto Acosta 0-0: Foul Ball, location: 2F
0-1: Foul Ball, location: 2F
0-2: Ball
1-2: Ball
2-2: Ball
3-2: Fly out, F8 (Flyball, 8RXD)
Batting: LHB José Hernández 0-0: Called Strike
0-1: Ground out 4-3 (Groundball, 4D)
Bottom of the 5th over - 0 runs, 0 hits, 0 errors, 0 left on base; Chicago 0 - El Dorado 3
TOP OF THE 6TH
Chicago Machine batting - Pitching for El Dorado Oilers : LHP Orlando Costa
Batting: SHB Clint Woods 0-0: Foul Ball, location: 2F
0-1: Ball
1-1: Ground out 6-3 (Groundball, 6)
Batting: RHB Will Lott 0-0: Ball
1-0: DOUBLE (Flyball, 8LXD)
Batting: LHB Bernardo Montés 0-0: Called Strike
0-1: Called Strike
0-2: Strikes out swinging
Batting: RHB Pablo Sandoval 0-0: Ball
1-0: Ball
2-0: Ball
3-0: Swinging Strike
3-1: Foul Ball, location: 2F
3-2: Base on Balls
Batting: LHB Edward Bennett 0-0: Fly out, F8 (Flyball, 8RS)
Top of the 6th over - 0 runs, 1 hit, 0 errors, 2 left on base; Chicago 0 - El Dorado 3
BOTTOM OF THE 6TH
El Dorado Oilers batting - Pitching for Chicago Machine : RHP Ron Martin
Batting: LHB Chris Miller 0-0: Ball
1-0: Swinging Strike
1-1: Ball
2-1: Foul Ball, location: 2F
2-2: Foul Ball, location: 2F
2-2: Fly out, F4 (Line Drive, 4)
Batting: RHB José Carlos Caraballo 0-0: Ball
1-0: Ball
2-0: Ground out 5-3 (Groundball, 56)
Batting: LHB Mathew Clayton 0-0: Ball
1-0: SINGLE (Groundball, 4) (infield hit)
Batting: RHB Bob Johnson 0-0: Called Strike
0-1: Fly out, F9 (Flyball, 9)
Bottom of the 6th over - 0 runs, 1 hit, 0 errors, 1 left on base; Chicago 0 - El Dorado 3
TOP OF THE 7TH
Chicago Machine batting - Pitching for El Dorado Oilers : LHP Orlando Costa
Batting: RHB Gonzalo Gil 0-0: Ball
1-0: Hit by Pitch
Batting: SHB Edward Bartlett 0-0: Ball
1-0: Called Strike
1-1: Ball
2-1: Ground out 3-1 (Groundball, 34S)
Gonzalo Gil to second
Batting: RHB Nick Harris 0-0: Ball
1-0: Ball
2-0: Called Strike
2-1: Called Strike
2-2: Ball
3-2: Base on Balls
Batting: SHB José Alomar 0-0: Ball
1-0: Called Strike
Gonzalo Gil steals 3rd base
1-1: Ball
2-1: Foul Ball, location: 2F
2-2: Strikes out swinging
Batting: SHB Clint Woods 0-0: Called Strike
0-1: Called Strike
0-2: Foul Ball, location: 2F
0-2: Ball
1-2: Foul Ball, location: 2F
1-2: Foul Ball, location: 2F
1-2: Strikes out swinging
Top of the 7th over - 0 runs, 0 hits, 0 errors, 2 left on base; Chicago 0 - El Dorado 3
BOTTOM OF THE 7TH
El Dorado Oilers batting - Pitching for Chicago Machine : RHP Ron Martin
Batting: RHB Tony Hernández 0-0: Swinging Strike
0-1: Swinging Strike
0-2: Strikes out swinging
Batting: LHB Al Gaines 0-0: Ball
1-0: Ball
2-0: Called Strike
2-1: Ball
3-1: Base on Balls
Batting: SHB Theron Harper 0-0: Ground out U3 (Groundball, 34S)
Al Gaines to second
Batting: RHB Ernesto Acosta 0-0: Ball
1-0: SINGLE (Line Drive, 7LS)
Al Gaines to third
Runner from 3rd tries for Home, SAFE, no throw
Batting: LHB José Hernández 0-0: Ball
Wild Pitch!
Ernesto Acosta to second
1-0: Intentional Walk
Batting: LHB Chris Miller 0-0: Called Strike
0-1: Ball
1-1: Ball
2-1: Foul Ball, location: 2F
2-2: Foul Ball, location: 2F
2-2: Foul Ball, location: 2F
2-2: Fly out, F8 (Flyball, 89M)
Bottom of the 7th over - 1 run, 1 hit, 0 errors, 2 left on base; Chicago 0 - El Dorado 4
TOP OF THE 8TH
Chicago Machine batting - Pitching for El Dorado Oilers : LHP Orlando Costa
Batting: RHB Will Lott 0-0: Foul Ball, location: 2F
0-1: Swinging Strike
0-2: Strikes out swinging
Batting: LHB Bernardo Montés 0-0: Called Strike
0-1: SOLO HOME RUN (Flyball, 89XD), Distance : 387 ft
Batting: RHB Pablo Sandoval 0-0: Ball
1-0: TRIPLE (Line Drive, 9D)
Pitching: LHP António Coronado
Batting: LHB Edward Bennett 0-0: Called Strike
0-1: Ball
1-1: Foul Ball, location: 2F
1-2: Fly out, F9 (Flyball, 9LMF)
Runner from 3rd tags up, SCORES, no throw
Batting: RHB Gonzalo Gil 0-0: Swinging Strike
0-1: Foul Ball, location: 2F
0-2: Ball
1-2: Strikes out looking
Top of the 8th over - 2 runs, 2 hits, 0 errors, 0 left on base; Chicago 2 - El Dorado 4
BOTTOM OF THE 8TH
El Dorado Oilers batting - Pitching for Chicago Machine : RHP Ron Martin
Pitching: RHP Juan Rodríguez
Batting: RHB José Carlos Caraballo 0-0: Ball
1-0: Called Strike
1-1: Ground out 4-3 (Groundball, 4)
Batting: LHB Mathew Clayton 0-0: Ball
1-0: Foul Ball, location: 2F
1-1: Ball
2-1: SINGLE (Groundball, 4MD)
Batting: RHB Bob Johnson 0-0: Ball
1-0: Ball
2-0: Ball
3-0: Called Strike
3-1: Grounds into double play, 6-4-3 (Groundball, 6M)
Bottom of the 8th over - 0 runs, 1 hit, 0 errors, 0 left on base; Chicago 2 - El Dorado 4
TOP OF THE 9TH
Chicago Machine batting - Pitching for El Dorado Oilers : LHP António Coronado
Pitching: RHP Kuang-yin Yue
Batting: SHB Edward Bartlett 0-0: Ball
1-0: Called Strike
1-1: Ball
2-1: Ball
3-1: Base on Balls
Batting: RHB Nick Harris 0-0: Ball
1-0: Called Strike
1-1: Foul Ball, location: 2F
1-2: Ball
2-2: Ball
3-2: Fly out, F9 (Flyball, 9LSF)
Batting: SHB José Alomar 0-0: Ball
1-0: Ball
2-0: Ball
3-0: Base on Balls
Edward Bartlett to second
Batting: SHB Clint Woods 0-0: Grounds into double play, 4-6-3 (Groundball, 4)
Top of the 9th over - 0 runs, 0 hits, 0 errors, 1 left on base; Chicago 2 - El Dorado 4
Saturday, April 7th, 2018 - OOTP Baseball 18.8 Build 76